 Dungeon Crawl Stone Soup version 0.32-a0-607-g64ea0e4219 (webtiles) character file.

Game seed: 261202468083518260

1740 cforsyth the Scholar of Death (level 8, -7/74 HPs)
             Began as a Mountain Dwarf Necromancer on Mar 4, 2024.
             Was a Follower of Kikubaaqudgha.
             Mangled by a two-headed ogre
             ... wielding a +0 giant spiked club
              (15 damage)
             ... on level 7 of the Dungeon.
             The game lasted 00:14:52 (9200 turns).

cforsyth the Scholar of Death (MDNe)                Turns: 9200, Time: 00:14:52

Health: -7/74      AC: 10    Str: 13    XL:     8   Next: 77%
Magic:  5/10       EV:  9    Int: 22    God:    Kikubaaqudgha [*.....]
Gold:   1116       SH:  0    Dex: 10    Spells: 5/10 levels left

rFire   + . .        A - +0 war axe
rCold   . . .        (no shield)
rNeg    + . .        v - +2 scale mail {rF+}
rPois   .            (no helmet)
rElec   .            g - +0 cloak
rCorr   .            n - +0 pair of gloves
SInv    .            (no boots)
Will    .....        (no amulet) Stlth
                     N - ring of positive energy
HPRegen 0.32/turn    I - +6 ring of intelligence
MPRegen 0.12/turn

%: no passive effects
@: mighty
A: runic magic, artefact enchanting
a: Renounce Religion, Unearth Wretches


You were on level 7 of the Dungeon.
You worshipped Kikubaaqudgha.
Kikubaaqudgha was aware of your devotion.
You visited 1 branch of the dungeon, and saw 7 of its levels.
You also visited: Ossuary.

You collected 1116 gold pieces.


Innate Abilities, Weirdness & Mutations

Your spellcasting is much less encumbered by armour.
You can use scrolls of enchantment on lesser artefacts.


   Skills:
 + Level 7.8 Fighting
 + Level 4.3 Axes
 + Level 2.5 Armour
 - Level 1.3 Dodging
 - Level 1.4 Stealth
 - Level 1.7 Spellcasting
 + Level 9.1 Necromancy
 + Level 0.7 Earth Magic


You had 5 spell levels left.
You knew the following spells:

 Your Spells              Type           Power      Damage    Failure   Level
a - Animate Dead          Necr           42%        N/A       4%          4
X - Necrotise             Necr           100%       1d9       1%          1

Your spell library contained the following spells:

 Spells                   Type           Power      Damage    Failure   Level
 Sublimation of Blood     Necr           42%        N/A       1%          2
 Fugue of the Fallen      Necr           42%        N/A       1%          3
 Vampiric Draining        Necr           42%        2d9       1%          3
 Kiss of Death            Conj/Necr      88%        2d12      3%          1
 Cigotuvi's Dreadful Rot  Necr/Alch/Air  30%        N/A       9%          2
 Curse of Agony           Necr           42%        N/A       13%         5
 Summon Ice Beast         Ice/Summ       1%         N/A       52%         3
 Borgnjor's Vile Clutch   Necr/Erth      11%        N/A       58%         5
 Summon Mana Viper        Hex/Summ       1%         N/A       99%         5
 Death Channel            Necr           21%        N/A       58%         6
 Monstrous Menagerie      Summ           0%         N/A       100%        7

Inventory:

Hand Weapons
 p - a +0 whip
 w - a +1 whip of draining
 A - a +0 war axe (weapon)
Armour
 a - a +0 helmet
 e - a +0 chain mail
 g - a +0 cloak (worn)
 n - a +0 pair of gloves (worn)
 o - a +0 helmet
 t - +0 fire dragon scales
 v - a +2 scale mail of fire resistance (worn)
Jewellery
 C - a ring of ice
 I - a +6 ring of intelligence (right hand)
 N - a ring of positive energy (left hand)
Wands
 y - a wand of flame (15)
Scrolls
 c - a scroll of revelation
 d - a scroll of fog
 h - a scroll of amnesia
 j - a scroll of torment {unknown}
 k - a scroll of blinking
 B - a scroll of poison {unknown}
Potions
 b - a potion of magic
 f - 2 potions of lignification {unknown}
 i - 2 potions of invisibility {unknown}
 l - 2 potions of might
 m - 2 potions of heal wounds {@q2}
 q - 2 potions of haste {@q3}
 r - a potion of ambrosia {unknown}
 s - a potion of cancellation {unknown}
 u - 3 potions of brilliance
 x - 2 potions of berserk rage {!q}
 z - a potion of resistance
 D - a potion of degeneration {unknown}
 E - 2 potions of attraction

Dungeon Overview and Level Annotations

Branches:
Dungeon (7/15)             Temple (0/1) D:5         Ossuary (visited)

Altars:
Gozag
Kikubaaqudgha
Nemelex Xobeh
Vehumet
Wu Jian
Zin
The Shining One

Shops:
D:1 [

Portals:
Bailey: D:7

Annotations:
D:5 1 runed translucent door, Eugor's ghost, novice DECj

*,* *,******** #<#.#
*,********,,,,,,..#
#.#.#
*,,,,,,,,,******#.#
#.#.# *********,* #.#
#.#.# *,* #.# #.### *,*
#.# #..ß. *,**
#.#########....
##..######...........###
#.....O@................
#..)..#.###############.
#.)∩)...# *, #..)..###
** #.....* #####**


You could see a two-headed ogre.


Message History

Confirm with . or Enter, or press ? or * to list all spells.
Okay, then.
Unknown command.
You feel very mighty all of a sudden.
You hit the two-headed ogre.
The two-headed ogre is lightly wounded.
The two-headed ogre closely misses you. The two-headed ogre barely misses you.
You slash the two-headed ogre!
The two-headed ogre is moderately wounded.
The two-headed ogre hits you with a +0 giant spiked club!!
The two-headed ogre hits you with a +0 giant club!
You closely miss the two-headed ogre.
The two-headed ogre is lightly wounded.
You slash the two-headed ogre!
The two-headed ogre is moderately wounded.
The two-headed ogre hits you with a +0 giant spiked club!
* * * LOW HITPOINT WARNING * * *
The two-headed ogre hits you with a +0 giant club!
* * * LOW HITPOINT WARNING * * *
You slash the two-headed ogre!
The two-headed ogre is heavily wounded.
The two-headed ogre barely misses you.
The two-headed ogre hits you with a +0 giant club!
* * * LOW HITPOINT WARNING * * *
You slash the two-headed ogre!
The two-headed ogre is almost dead.
The two-headed ogre barely misses you.
The two-headed ogre hits you with a +0 giant club!
You die...
Kikubaaqudgha rasps: You have failed me!
Welcome... death!

Skill      XL: |  1  2  3  4  5  6  7  8 |
---------------+-------------------------+-----
Fighting       | 1 2 3 4 5 6 7 |  7.8
Necromancy     | 5 6 7 8 9 |  9.1
Axes           | 2 4 |  4.3
Armour         | 2 |  2.5
Dodging        | |  1.3
Stealth        | |  1.4
Spellcasting   | |  1.7
Earth Magic    | |  0.7

Action                     |  1- 3 |  4- 6 |  7- 9 || total
---------------------------+-------+-------+-------++-------
  Melee: Unarmed           |    54 |       |       ||    54
         Punch             |     1 |       |       ||     1
         Whip              |    19 |    59 |    75 ||   153
         War axe           |       |       |   157 ||   157
   Cast: Necrotise         |    62 |    68 |   110 ||   240
    Use: Scroll            |       |       |    17 ||    17
         Potion            |       |       |     1 ||     1
   Stab: Distracted        |       |     1 |       ||     1
 Armour: Robe              |    13 |       |       ||    13
         Chain mail        |    34 |       |       ||    34
         Scale mail        |       |    77 |   261 ||   338
         Fire dragon scale |       |     4 |       ||     4
  Dodge: Dodged            |    28 |    37 |   194 ||   259

Levels and vault maps discovered:
D:1:      roderic_crop_circles_arrival_small, layout_rooms, serial_shops, shop,
          chequers_serial_rivers_small_b, minivault_19
D:2:      layout_basic, dreamdust_ecumenical_altar_angels_and_demons,
          chequers_arboretum, uniq_robin
D:3:      layout_loops_corners, tso_metal_star, lemuel_doored_altar,
          kennysheep_generic_room_6, uniq_terence
D:4:      layout_basic, nicolae_vehumet_radiance,
          mainiacjoe_overflow_catch_the_wave, uniq_menkaure, uniq_eustachio,
          uniq_natasha
D:5:      layout_basic, minmay_temple_entry_junction, ebering_ghost_sewer_d
D:6:      layout_gridville, grunt_temple_overflow_opulence,
          nicolae_ossuary_entry_monument
D:7:      layout_loops_ring, enter_bailey_2, kennysheep_cross_bottleneck,
          chequers_decorated_corner

Notes
Turn   | Place    | Note
-------+----------+-------------------------------------------
     0 | D:1      | cforsyth the Mountain Dwarf Necromancer began the quest for
                  | the Orb.
     0 | D:1      | Reached XP level 1. HP: 14/14 MP: 3/3
    60 | D:1      | HP: 1/15 [frozen (3)]
    63 | D:1      | Reached skill level 1 in Fighting
    67 | D:1      | HP: 1/16 [hobgoblin (1)]
    75 | D:1      | Reached XP level 2. HP: 2/23 MP: 0/4
   208 | D:1      | Found Joelijam's Antique Armour Shop.
  1409 | D:2      | Found a faded altar of an unknown god.
  1643 | D:2      | Reached skill level 2 in Fighting
  1650 | D:2      | Reached skill level 5 in Necromancy
  1650 | D:2      | Reached XP level 3. HP: 29/29 MP: 0/5
  1653 | D:2      | Noticed Robin
  1680 | D:2      | Killed Robin
  2085 | D:3      | Found a glowing golden altar of the Shining One.
  2434 | D:3      | Noticed Terence
  2850 | D:3      | Reached skill level 3 in Fighting
  2850 | D:3      | Reached XP level 4. HP: 38/38 MP: 1/6
  2912 | D:3      | Found an ornate altar of the Wu Jian Council.
  3035 | D:3      | Killed Terence
  3366 | D:4      | Reached XP level 5. HP: 38/45 MP: 0/7
  3450 | D:4      | Reached skill level 6 in Necromancy
  3485 | D:4      | Reached skill level 4 in Fighting
  3517 | D:4      | Found a radiant altar of Vehumet.
  3517 | D:4      | Noticed Menkaure
  3900 | D:4      | Reached XP level 6. HP: 53/53 MP: 1/8
  4411 | D:4      | Noticed Eustachio
  4529 | D:3      | Killed Eustachio
  4530 | D:3      | Reached skill level 5 in Fighting
  4530 | D:3      | Reached skill level 7 in Necromancy
  4769 | D:4      | Killed Menkaure
  4770 | D:4      | Reached XP level 7. HP: 31/62 MP: 9/9
  5164 | D:4      | Found an ancient bone altar of Kikubaaqudgha.
  5182 | D:4      | Found a glowing silver altar of Zin.
  5184 | D:4      | Noticed Natasha
  5216 | D:5      | Entered Level 5 of the Dungeon
  5323 | D:4      | Killed Natasha
  5324 | D:4      | Reached skill level 6 in Fighting
  5409 | D:4      | Noticed Natasha
  5415 | D:4      | Became a worshipper of Kikubaaqudgha
  5465 | D:4      | Killed Natasha
  5667 | D:4      | Found an ancient bone altar of Kikubaaqudgha.
  5687 | D:4      | Found a radiant altar of Vehumet.
  5826 | D:4      | Noticed Natasha
  5833 | D:4      | Killed Natasha
  6405 | D:5      | Found a runed translucent door.
  6411 | D:5      | Reached skill level 8 in Necromancy
  6416 | D:5      | Noticed Eugor's ghost (novice DECj)
  6514 | D:5      | Reached skill level 1 in Axes
  6712 | D:5      | Reached skill level 2 in Axes
  6712 | D:5      | Reached XP level 8. HP: 71/71 MP: 6/10
  6824 | D:5      | Reached skill level 7 in Fighting
  7127 | D:5      | Found a staircase to the Ecumenical Temple.
  7647 | D:6      | Identified a scroll of acquirement
  7647 | D:6      | Acquired 782 gold pieces
  7688 | D:6      | Identified a potion of resistance
  7692 | D:6      | Found a sand-covered staircase.
  7701 | Ossuary  | Entered an ossuary
  7804 | Ossuary  | Reached skill level 3 in Axes
  7971 | Ossuary  | Reached * piety under Kikubaaqudgha
  7971 | Ossuary  | Received a gift from Kikubaaqudgha
  7985 | Ossuary  | Reached skill level 1 in Armour
  8531 | D:6      | Reached skill level 4 in Axes
  8531 | D:6      | Reached skill level 2 in Armour
  8531 | D:6      | Reached skill level 9 in Necromancy
  8640 | D:6      | Found an opulent altar of Gozag.
  8640 | D:6      | Found a sparkling altar of Nemelex Xobeh.
  9160 | D:7      | Learned a level 4 spell: Animate Dead
  9191 | D:7      | Noticed a two-headed ogre
  9192 | D:7      | Found a flagged portal.
  9200 | D:7      | Mangled by a two-headed ogre

Vanquished Creatures
  Eustachio (D:3)
  Menkaure (D:4)
  A sky beast (D:7)
  A black bear (D:5)
  An ogre (D:6)
  An elf zombie (Ossuary)
  5 scorpions
  2 bombardier beetles (D:5)
  A centaur zombie (Ossuary)
  A jelly (D:5)
  2 hounds
  2 human zombies (Ossuary)
  2 orc priests (D:4)
  Terence (D:3)
  5 orc wizards (D:4)
  Natasha (thrice) (D:4)
  2 iguanas
  3 hound zombies (Ossuary)
  2 mummies (Ossuary)
  Robin (D:2)
  5 adders
  A white imp (D:5)
  7 adder zombies (Ossuary)
  2 ribbon worms
  20 orcs
  5 endoplasms
  A giant cockroach (D:2)
  8 hobgoblins
  2 kobolds (D:1)
  4 quokkas
  3 ball pythons
  4 bats
  2 frilled lizards
  5 gnoll zombies (Ossuary)
  10 goblins
  4 jackal zombies (Ossuary)
  7 kobold zombies (Ossuary)
  7 orc zombies (Ossuary)
  2 rats (D:2)
137 creatures vanquished.

Vanquished Creatures (collateral kills)
  A dart slug (D:1)
  2 orcs (D:4)
  A kobold (D:1)
4 creatures vanquished.

Grand Total: 141 creatures vanquished

Table legend: (Time is in decaauts)
 A = Elapsed time spent in this place.
 B = Non-inter-level travel time spent in this place.
 C = Inter-level travel time spent in this place.
 D = Time resting spent in this place.
 E = Time spent auto-exploring this place.
 F = Levels seen in this place.
 G = Mean time per level.
                   A        B        C        D        E       F      G
               +--------+--------+--------+--------+--------+-----+--------+
         Total |   9288 |   9006 |    282 |    771 |   6580 |   8 | 1161.0 |
       Dungeon |   8609 |   8327 |    282 |    763 |   6287 |   7 | 1229.9 |
       Ossuary |    678 |    678 |      0 |      8 |    293 |   1 |  678.0 |
               +--------+--------+--------+--------+--------+-----+--------+

Top non-repeatable levels by time:
     D:4: 2556 daAuts
     D:3: 1730 daAuts
     D:5: 1389 daAuts
     D:2: 1076 daAuts
     D:1: 920 daAuts
     D:6: 851 daAuts
 Ossuary: 678 daAuts
     D:7: 85 daAuts

Table legend:
 A = Non-vault XP
 B = Vault XP
 C = Vault XP percentage of total XP
 D = Non-vault monster count
 E = Vault monster count
 F = Vault count percentage of total count
                 A         B        C        D         E       F
            +---------+---------+-------+---------+---------+-------
      Total |    1624 |     862 |  34.7 |      88 |      53 |  37.6
            +---------+---------+-------+---------+---------+-------
        D:1 |      24 |       0 |   0.0 |      13 |       0 |   0.0
        D:2 |      13 |      28 |  68.3 |       8 |       8 |  50.0
        D:3 |      63 |     244 |  79.5 |      15 |       4 |  21.1
        D:4 |     522 |     207 |  28.4 |      35 |       2 |   5.4
        D:5 |     631 |       0 |   0.0 |      12 |       0 |   0.0
        D:6 |     242 |       0 |   0.0 |       4 |       0 |   0.0
        D:7 |     129 |       0 |   0.0 |       1 |       0 |   0.0
    Ossuary |       0 |     383 | 100.0 |       0 |      39 | 100.0
            +---------+---------+-------+---------+---------+-------
